 Dungeon Crawl Stone Soup version 0.21.1-1-g345015f (webtiles) character file.

147 RollingDesktops the Grasshopper (level 5, -7/46 HPs)
             Began as a Gnoll Warper on Apr 11, 2018.
             Was an Initiate of Vehumet.
             Mangled by a worm (10 damage)
             ... on level 2 of the Dungeon.
             The game lasted 00:08:44 (1562 turns).

RollingDesktops the Grasshopper (Gnoll Warper)      Turns: 1562, Time: 00:08:45

Health: -7/46      AC:  3    Str: 15    XL:     5   Next: 29%
Magic:  13/13      EV: 15    Int: 15    God:    Vehumet [......]
Gold:   130        SH:  0    Dex: 14    Spells: 13/16 levels left

rFire    . . .     SeeInvis .   t - +1 whip (freeze)
rCold    . . .     Gourm    .   (no shield)
rNeg     . . .     Faith    .   b - +0 leather armour
rPois    .         Spirit   .   (no helmet)
rElec    .         Reflect  .   (no cloak)
rCorr    .         Harm     .   (no gloves)
MR       .....                  (no boots)
Stlth    ++........             (no amulet)
HPRegen  0.15/turn              (no ring)
MPRegen  0.13/turn              (no ring)

@: no status effects
A: distributed training, fangs 1, strong nose
a: Renounce Religion


You were on level 2 of the Dungeon.
You worshipped Vehumet.
Vehumet was noncommittal.
You were not hungry.

You visited 1 branch of the dungeon, and saw 2 of its levels.

You collected 130 gold pieces.

Inventory:

Hand Weapons
 a - a +0 falchion
 t - a +1 whip of freezing (weapon)
Missiles
 e - 5 tomahawks of dispersal (quivered)
 n - 23 poisoned needles
Armour
 b - a +0 leather armour (worn)
 i - a +0 pair of boots
 k - a +0 pair of gloves
Scrolls
 d - a scroll of blinking
 f - a scroll of magic mapping {unknown}
 g - 2 scrolls of enchant armour {unknown}
 j - a scroll of identify {unknown}
 l - a scroll of amnesia {unknown}
 m - a scroll of immolation {unknown}
 p - a scroll of enchant weapon {unknown}
 q - a scroll of remove curse {unknown}
Potions
 h - 2 potions of lignification {unknown}
 r - a potion of brilliance
 s - a potion of flight {unknown}
Books
 c - a book of Spatial Translocations

   Spells                             Type                      Level
   a - Blink                          Translocation                2
   b - Shroud of Golubria             Charms/Translocation         2
   c - Lesser Beckoning               Translocation                3
   d - Gell's Gravitas                Translocation                3
   e - Teleport Other                 Translocation                3
   f - Passage of Golubria            Translocation                4
Comestibles
 o - a ration


   Skills:
 + Level 6.0 Fighting
 + Level 3.7 Short Blades
 + Level 6.0 Long Blades
 + Level 3.7 Axes
 + Level 3.7 Maces & Flails
 + Level 3.7 Polearms
 + Level 3.7 Staves
 + Level 3.7 Slings
 + Level 3.7 Bows
 + Level 3.7 Crossbows
 + Level 4.5 Throwing
 + Level 4.5 Armour
 + Level 6.0 Dodging
 + Level 3.7 Stealth
 + Level 3.7 Shields
 + Level 3.7 Unarmed Combat
 + Level 6.3 Spellcasting
 + Level 3.0 Conjurations
 + Level 3.0 Hexes
 + Level 3.0 Charms
 + Level 3.0 Summonings
 + Level 3.0 Necromancy
 + Level 6.3 Translocations
 + Level 3.0 Transmutations
 + Level 3.0 Fire Magic
 + Level 3.0 Ice Magic
 + Level 3.0 Air Magic
 + Level 3.0 Earth Magic
 + Level 3.0 Poison Magic
 + Level 4.1 Invocations
 + Level 3.7 Evocations


You had 13 spell levels left.
You knew the following spells:

 Your Spells              Type           Power        Failure   Level  Hunger
a - Gell's Gravitas       Tloc           ###.......   3%          3    ##.....


Dungeon Overview and Level Annotations

Branches:
Dungeon (2/15)

Altars:
Kikubaaqudgha
Vehumet


Innate Abilities, Weirdness & Mutations

Your experience applies equally to all skills.
You have very sharp teeth.
Your uncanny sense of smell can sniff out nearby items.


Message History

* * * LOW HITPOINT WARNING * * *
The worm barely misses you.
You hit the worm but do no damage.
The worm is heavily wounded.
You hit the worm. You freeze the worm. You bite the worm.
The worm is severely wounded.
The worm barely misses you. The worm bites you!
* * * LOW HITPOINT WARNING * * *
You hit the worm. You freeze the worm.
You kill the worm!
Vehumet accepts your kill. The worm barely misses you.
Things that are here:
a stone; a kobold corpse You hit the worm.
You freeze the worm.
The worm is moderately wounded.
You hit the worm. You freeze the worm.
The worm is heavily wounded.
The worm bites you!
You die...

###### #....# #....#
##### #....# #...#
#....# #...# #....# #
#####...###..w.##...#
......(.'('..@.......
...##...###.).)##....
..........###### .
#...#####)##########
#......)....†.........
#...######.#########.##
# #..# #... ##.#
###.### #.## #.....


You could see a worm.

Vanquished Creatures
  Jessica (D:2)
  Terence (D:2)
  An adder (D:2)
  A worm (D:2)
  4 dart slugs
  2 bats (D:1)
  A giant cockroach (D:1)
  4 goblins
  4 hobgoblins (D:1)
  2 jackals (D:2)
  A frilled lizard (D:2)
  5 kobolds
  7 rats
34 creatures vanquished.

Notes
Turn   | Place    | Note
-------+----------+-------------------------------------------
     0 | D:1      | RollingDesktops the Gnoll Warper began the quest for the Orb.
     0 | D:1      | Reached XP level 1. HP: 20/20 MP: 6/6
   154 | D:1      | Reached XP level 2. HP: 10/26 MP: 7/7
   548 | D:1      | Reached XP level 3. HP: 29/31 MP: 9/9
   818 | D:1      | Reached skill level 5 in Spellcasting
  1110 | D:2      | Noticed Terence
  1113 | D:2      | Found a radiant altar of Vehumet.
  1123 | D:2      | Reached skill level 1 in Invocations
  1131 | D:2      | Reached skill level 5 in Fighting
  1131 | D:2      | Reached skill level 5 in Long Blades
  1131 | D:2      | Reached skill level 5 in Dodging
  1131 | D:2      | Reached XP level 4. HP: 24/40 MP: 10/12
  1135 | D:2      | Killed Terence
  1409 | D:2      | Became a worshipper of Vehumet
  1456 | D:2      | Found an ancient bone altar of Kikubaaqudgha.
  1465 | D:2      | Noticed Jessica
  1474 | D:2      | Killed Jessica
  1474 | D:2      | Reached XP level 5. HP: 46/46 MP: 13/13
  1509 | D:2      | Learned a level 3 spell: Gell's Gravitas
  1562 | D:2      | Mangled by a worm

Skill      XL: |  1  2  3  4  5 |
---------------+----------------+-----
Spellcasting   | 6 |  6.3
Invocations    | 4 |  4.1
Fighting       | 5 6 |  6.0
Short Blades   | 3 |  3.7
Long Blades    | 5 6 |  6.0
Axes           | 3 |  3.7
Maces & Flails | 3 |  3.7
Polearms       | 3 |  3.7
Staves         | 3 |  3.7
Slings         | 3 |  3.7
Bows           | 3 |  3.7
Crossbows      | 3 |  3.7
Throwing       | 4 |  4.5
Armour         | 4 |  4.5
Dodging        | 5 6 |  6.0
Stealth        | 3 |  3.7
Shields        | 3 |  3.7
Unarmed Combat | 3 |  3.7
Conjurations   | 3 |  3.0
Hexes          | 3 |  3.0
Charms         | 3 |  3.0
Summonings     | 3 |  3.0
Necromancy     | 3 |  3.0
Translocations | 6 |  6.3
Transmutations | 3 |  3.0
Fire Magic     | 3 |  3.0
Ice Magic      | 3 |  3.0
Air Magic      | 3 |  3.0
Earth Magic    | 3 |  3.0
Poison Magic   | 3 |  3.0
Evocations     | 3 |  3.7

Action                   |  1- 3 |  4- 6 || total
-------------------------+-------+-------++-------
Melee: Falchion          |    64 |    13 ||    77
       Bite              |    11 |     3 ||    14
       Whip              |       |    23 ||    23
       Punch             |       |     1 ||     1
  Use: Potion            |     2 |       ||     2
 Stab: Sleeping          |       |     1 ||     1
  Eat: Ration            |       |     1 ||     1
Armor: Leather armour    |     8 |     1 ||     9
Dodge: Dodged            |    49 |    26 ||    75
       Rpst.: Falchion   |    21 |     1 ||    22
